 Dungeon Sprint DCSS version 0.31-a0-846-gb3bcc0d938 (webtiles) character file.

Game seed: 5740394138262509216

9 sircluck the Ruffian (level 2, -1/43 HPs)
             Began as a Troll Berserker on Oct 3, 2023.
             Was a Follower of Trog.
             Slain by an acid dragon (13 damage)
             ... in the Dungeon (Sprint VII: "The Pits").
             The game lasted 00:00:16 (39 turns).

sircluck the Ruffian (Troll Berserker)                Turns: 39, Time: 00:00:16

Health: -1/43      AC:  0    Str: 24    XL:     2   Next: 3%
Magic:  1/1        EV: 10    Int:  3    God:    Trog [*.....]
Gold:   0          SH:  0    Dex:  9    Spells: 1/1 levels left

rFire   . .          .
                       - Unarmed
rCold   . . .        (no shield)
rNeg    . . .        a - +0 animal skin
rPois   .            (helmet restricted)
rElec   .            (no cloak)
rCorr   .            (gloves unavailable)
SInv    .            (boots unavailable)
Will    .....        (no amulet) Stlth
                     (no ring)
HPRegen 1.07/turn    (no ring)
MPRegen 0.07/turn

%: no teleportation
@: berserking, corroded, very quick
A: large, unfitting armour, claws 3, regeneration 1, shaggy fur 1, tough skin 1
a: Renounce Religion, Berserk


You were in the Dungeon.
You worshipped Trog.
Trog was aware of your devotion.
You visited 1 branch

Inventory:

Armour
 a - a +0 animal skin (worn)
Scrolls
 g - a scroll of blinking
Potions
 b - a potion of curing
 c - a potion of heal wounds
 d - a potion of haste
 e - 2 potions of magic
 f - a potion of berserk rage


   Skills:
 + Level 2.9 Fighting
 + Level 3.0 Dodging
 + Level 1.0 Stealth
 + Level 3.6 Unarmed Combat


You had one spell level left.
You didn't know any spells.
Your spell library was empty.

Dungeon Overview and Level Annotations

Branches:
Dungeon (1/1)

Altars:


Innate Abilities, Weirdness & Mutations

You are too large for most types of armour.
You have claws for hands.
Your natural rate of healing is unusually fast.
You are covered in fur. (AC +1)
You have tough skin. (AC +1)


Message History

You open the huge gate.
An adder comes into view.
An acid dragon comes into view.
The acid dragon roars!
The acid dragon spits acid at you. The splash of acid hits you!!
Ouch! That really hurt!
* * * LOW HITPOINT WARNING * * *
There is an open door to the Entrance Hall (Safe) here.
As you close the door, it creaks loudly!
You start resting.
HP restored.
As you open the door, it creaks loudly! The adder misses you.
You closely miss the adder. The adder bites you.
You barely miss the adder. The adder closely misses you.
You scratch the adder.
The adder is lightly wounded.
The adder bites you but does no damage.
You claw the adder!
You kill the adder!
Trog accepts your kill.
Your Dodging skill increases to level 3!
Your Stealth skill increases to level 1!
You have reached level 2!
Unknown command.
Unknown command.
A red film seems to cover your vision as you go berserk!
You feel yourself moving faster!
You feel mighty! The acid dragon spits acid at you.
The splash of acid hits you!!
Ouch! That really hurt!
* * * LOW HITPOINT WARNING * * *
The acid corrodes you!
You closely miss the acid dragon. The acid dragon closely misses you.
The acid dragon barely misses you.
You claw the acid dragon!
The acid dragon is heavily wounded.
The acid dragon bites you!
You die...

##########++######
#................#
#......#..#......#
#................+
+................+
#......#..#......#
#.......D........#
####D#####''######
#....@..##''#
#.......##..D.
#.......##S..##
#...<...##..##
#.......##..#
#.......##..+
#.......#
#########


You could see an acid dragon (catching breath).

Vanquished Creatures
  An adder (D)
1 creature vanquished.

Notes
Turn   | Place    | Note
-------+----------+-------------------------------------------
     0 | D        | sircluck the Troll Berserker began the quest for the Orb.
     0 | D        | Reached XP level 1. HP: 22/22 MP: 0/0
    12 | D        | Noticed an acid dragon
    37 | D        | Reached skill level 1 in Stealth
    37 | D        | Reached XP level 2. HP: 28/29 MP: 1/1
    39 | D        | Slain by an acid dragon

Illustrated notes

Levels and vault maps discovered:
D:        pitsprint [storerooms_1, entrance_room_1, metal_vault_7, armoury_3,
          mini_pit_1, grid_room_1, main_hall_1, silver_pit, the_coven_1,
          the_vestibule_1, steel_vault_1, golden_pit, hallway_of_sentries,
          crystal_vault_3, iron_vault_1, final_vault]

Skill      XL: |  1 |
---------------+----+-----
Dodging        | 3 |  3.0
Stealth        | 1 |  1.0
Fighting       | |  2.9
Unarmed Combat | |  3.6

Action                     || total
---------------------------++-------
  Melee: Unarmed           ||     6
 Invoke: Berserk           ||     1
 Armour: Animal skin       ||     5
  Dodge: Dodged            ||     4

Table legend: (Time is in decaauts)
 A = Elapsed time spent in this place.
 B = Non-inter-level travel time spent in this place.
 C = Inter-level travel time spent in this place.
 D = Time resting spent in this place.
 E = Time spent auto-exploring this place.
 F = Levels seen in this place.
 G = Mean time per level.
                   A        B        C        D        E       F      G
               +--------+--------+--------+--------+--------+-----+--------+
         Total |     38 |     38 |      0 |     12 |     11 |   1 |   38.0 |
       Dungeon |     38 |     38 |      0 |     12 |     11 |   1 |   38.0 |
               +--------+--------+--------+--------+--------+-----+--------+

Top non-repeatable levels by time:
       D: 38 daAuts
